General information
- name: BNet
- type: Ladder team game (AT/RT)
- host: Battle.net
- saver: Schutzstaffel
map: Deadlock
- players: 8
- length: 16:21
- speed: Fast
- version: 1.26 W3XP
- replay type: Public
» download(79 KB)
Players
team 1 (winner)
Schutzstaffel (
blue | 63 APM | 1028 actions | 16:21)
3 Blademaster
2 Wind Walk
1 Critical Strike
» actions
| Assign group hotkey | 36 | |
| Basic commands | 146 | |
| Build / train | 60 | |
| ESC pressed | 7 | |
| Enter build submenu | 14 | |
| Enter hero's abilities submenu | 3 | |
| Give item / drop item | 2 | |
| Right click | 314 | |
| Select / deselect | 180 | |
| Select group hotkey | 224 | |
| Use ability | 42 | |
1028 total
» units
| Peon | 19 | |
| Grunt | 9 | |
| Demolisher | 3 | |
| Raider | 7 | |
38 total
» upgrades
| Armor | 1 | |
| Berserker Strength | 1 | |
| Pillage | 1 | |
| Melee Weapons | 2 | |
| Spiked Barricades | 1 | |
6 total
» buildings
| Altar of Storms | 1 | |
| Orc Burrow | 5 | |
| Barracks | 1 | |
| Voodoo Lounge | 1 | |
| Stronghold | 3 | |
| War Mill | 1 | |
| Beastiary | 1 | |
| Watch Tower | 1 | |
14 total
» build order
00:08 Altar of Storms
00:10 Orc Burrow
00:21 Barracks
01:42 Orc Burrow
02:12 Voodoo Lounge
03:07 Stronghold
03:07 Stronghold
03:07 Stronghold
03:30 War Mill
03:44 Orc Burrow
05:03 Orc Burrow
05:37 Beastiary
06:58 Watch Tower
07:48 Orc Burrow
» items
| Boots of Speed | 2 | |
| Healing Salve | 1 | |
| Scroll of Town Portal | 1 | |
4 total
snpr4858 (
teal | 24 APM | 240 actions | 10:00)
2 Archmage
1 Summon Water Elemental
1 Brilliance Aura
» actions
| Basic commands | 4 | |
| Build / train | 35 | |
| Enter build submenu | 16 | |
| Enter hero's abilities submenu | 2 | |
| Right click | 79 | |
| Select / deselect | 81 | |
| Use ability | 23 | |
240 total
» units
| Peasant | 9 | |
| Footman | 6 | |
| Rifleman | 6 | |
21 total
» upgrades
| Gunpowder | 1 | |
| Armor | 1 | |
| Defend | 1 | |
| Swords | 1 | |
| Plating | 1 | |
| Lumber Harvesting | 1 | |
6 total
» buildings
| Altar of Kings | 1 | |
| Farm | 8 | |
| Lumber Mill | 1 | |
| Barracks | 1 | |
| Blacksmith | 1 | |
| Keep | 1 | |
| Town Hall | 1 | |
| Gryphon Aviary | 1 | |
| Castle | 1 | |
16 total
» build order
00:22 Altar of Kings
00:56 Farm
01:25 Farm
02:00 Farm
02:07 Lumber Mill
02:18 Barracks
02:50 Farm
03:32 Farm
03:46 Blacksmith
04:16 Farm
05:04 Farm
05:33 Keep
06:49 Town Hall
07:21 Farm
08:16 Gryphon Aviary
08:30 Castle
» items
| Periapt of Vitality | 1 | |
| Potion of Healing | 1 | |
| Scroll of Town Portal | 1 | |
3 total

»
hollysat (
orange | 21 APM | 341 actions | 16:20)
3 Blademaster
1 Wind Walk
1 Critical Strike
1 Mirror Image
» actions
| Assign group hotkey | 12 | |
| Basic commands | 9 | |
| Build / train | 29 | |
| Enter build submenu | 14 | |
| Enter hero's abilities submenu | 3 | |
| Right click | 88 | |
| Select / deselect | 147 | |
| Select group hotkey | 24 | |
| Use ability | 15 | |
341 total
» units
| Peon | 8 | |
| Grunt | 3 | |
| Troll Headhunter/Berserker | 7 | |
| Wind Rider | 2 | |
20 total
» upgrades
| Melee Weapons | 1 | |
| Armor | 1 | |
| Ranged Weapons | 1 | |
3 total
» buildings
| Altar of Storms | 1 | |
| Orc Burrow | 4 | |
| Barracks | 1 | |
| War Mill | 1 | |
| Stronghold | 1 | |
| Voodoo Lounge | 1 | |
| Watch Tower | 2 | |
| Fortress | 1 | |
| Beastiary | 1 | |
| Spirit Lodge | 1 | |
| Great Hall | 1 | |
15 total
» build order
00:06 Altar of Storms
00:11 Orc Burrow
00:26 Barracks
01:14 War Mill
02:08 Orc Burrow
03:19 Orc Burrow
04:11 Stronghold
04:56 Voodoo Lounge
05:05 Watch Tower
05:58 Orc Burrow
06:15 Watch Tower
06:48 Fortress
07:06 Beastiary
08:34 Spirit Lodge
09:27 Great Hall

»
Dark_Monkey_316 (
green | 34 APM | 334 actions | 09:51)
3 Blademaster
1 Wind Walk
2 Critical Strike
» actions
| Assign group hotkey | 17 | |
| Build / train | 29 | |
| Enter build submenu | 11 | |
| Enter hero's abilities submenu | 3 | |
| Right click | 100 | |
| Select / deselect | 62 | |
| Select group hotkey | 94 | |
| Use ability | 18 | |
334 total
» units
» upgrades
| Spiked Barricades | 2 | |
| Ranged Weapons | 2 | |
| Armor | 2 | |
6 total
» buildings
| Altar of Storms | 1 | |
| Orc Burrow | 4 | |
| Voodoo Lounge | 1 | |
| War Mill | 1 | |
| Stronghold | 1 | |
| Fortress | 1 | |
| Beastiary | 3 | |
| Great Hall | 1 | |
13 total
» build order
00:06 Altar of Storms
00:11 Orc Burrow
01:06 Voodoo Lounge
01:25 Orc Burrow
03:17 War Mill
03:24 Stronghold
05:49 Fortress
05:52 Beastiary
05:54 Beastiary
05:57 Beastiary
07:12 Orc Burrow
08:03 Great Hall
08:13 Orc Burrow
» items
| Healing Salve | 1 | |
| Orb of Lightning | 1 | |
2 total
team 2 (loser)

»
winstrol-v (
yellow | 59 APM | 967 actions | 16:20)
3 Tauren Chieftain
1 War Stomp
2 Endurance Aura
1 Firelord
1 Incinerate
1 Goblin Tinker
1 Engineering Upgrade
» actions
| Assign group hotkey | 28 | |
| Basic commands | 55 | |
| Build / train | 97 | |
| ESC pressed | 1 | |
| Enter build submenu | 21 | |
| Enter hero's abilities submenu | 5 | |
| Remove unit from queue | 3 | |
| Right click | 179 | |
| Select / deselect | 122 | |
| Select group hotkey | 421 | |
| Use ability | 35 | |
967 total
» units
| Peon | 21 | |
| Grunt | 4 | |
| Troll Headhunter/Berserker | 3 | |
| Wind Rider | 5 | |
| Demolisher | 2 | |
| Shaman | 1 | |
36 total
» upgrades
| Armor | 2 | |
| Melee Weapons | 2 | |
| Pillage | 1 | |
| Ranged Weapons | 3 | |
| Envenomed Spears | 1 | |
| Liquid Fire | 1 | |
| Shaman Training | 1 | |
| Burning Oil | 1 | |
12 total
» buildings
| Altar of Storms | 1 | |
| Orc Burrow | 7 | |
| Barracks | 1 | |
| War Mill | 1 | |
| Voodoo Lounge | 1 | |
| Stronghold | 3 | |
| Great Hall | 2 | |
| Fortress | 1 | |
| Beastiary | 4 | |
| Spirit Lodge | 1 | |
22 total
» build order
00:21 Altar of Storms
00:36 Orc Burrow
00:52 Barracks
01:17 War Mill
01:49 Orc Burrow
02:14 Voodoo Lounge
03:55 Orc Burrow
04:59 Stronghold
04:59 Stronghold
05:45 Orc Burrow
06:32 Great Hall
07:15 Orc Burrow
08:12 Great Hall
09:02 Fortress
09:22 Beastiary
09:50 Beastiary
10:23 Beastiary
10:30 Orc Burrow
10:45 Orc Burrow
10:56 Beastiary
13:03 Spirit Lodge
» items
| Boots of Speed | 1 | |
| Orb of Lightning | 1 | |
| Scroll of Town Portal | 1 | |
3 total

»
OUTOFTOWN (
red | 0 APM | 1 actions | 16:20)
Grenade- (
pink | 54 APM | 883 actions | 16:20)
5 Crypt Lord
3 Carrion Beetles
2 Impale
3 Death Knight
2 Death Coil
1 Unholy Aura
2 Lich
1 Frost Nova
1 Frost Armor
» actions
| Assign group hotkey | 57 | |
| Basic commands | 38 | |
| Build / train | 68 | |
| Enter build submenu | 18 | |
| Enter hero's abilities submenu | 10 | |
| Give item / drop item | 1 | |
| Right click | 175 | |
| Select / deselect | 157 | |
| Select group hotkey | 324 | |
| Use ability | 35 | |
883 total
» units
| Acolyte | 17 | |
| Ghoul | 8 | |
| Crypt Fiend | 7 | |
| Obsidian Statue | 4 | |
| Frost Wyrm | 3 | |
39 total
» upgrades
| Creature Attack | 3 | |
| Creature Carapace | 3 | |
| Burrow | 1 | |
| Web | 1 | |
| Freezing Breath | 1 | |
| Destroyer Form | 1 | |
10 total
» buildings
| Graveyard | 1 | |
| Crypt | 1 | |
| Altar of Darkness | 1 | |
| Ziggurat | 8 | |
| Tomb of Relics | 1 | |
| Halls of the Dead | 1 | |
| Necropolis | 1 | |
| Nerubian Tower | 1 | |
| Spirit Tower | 1 | |
| Black Citadel | 1 | |
| Sacrificial Pit | 1 | |
| Boneyard | 2 | |
| Slaughterhouse | 1 | |
21 total
» build order
00:07 Graveyard
00:10 Crypt
00:43 Altar of Darkness
00:56 Ziggurat
01:32 Tomb of Relics
01:54 Ziggurat
04:26 Ziggurat
05:15 Halls of the Dead
05:51 Necropolis
06:16 Ziggurat
06:37 Ziggurat
07:12 Nerubian Tower
07:29 Spirit Tower
07:37 Black Citadel
07:58 Sacrificial Pit
09:18 Ziggurat
10:09 Boneyard
10:15 Boneyard
10:19 Slaughterhouse
12:16 Ziggurat
14:06 Ziggurat
» items
| Rod of Necromancy | 1 | |
| Orb of Corruption | 1 | |
2 total

»
jerzpnoy (
purple | 35 APM | 577 actions | 16:20)
4 Dark Ranger
1 Black Arrow
2 Life Drain
1 Silence
1 Beastmaster
1 Summon Bear
» actions
| Basic commands | 40 | |
| Build / train | 49 | |
| Enter build submenu | 23 | |
| Enter hero's abilities submenu | 5 | |
| Right click | 261 | |
| Select / deselect | 167 | |
| Use ability | 32 | |
577 total
» units
| Wisp | 29 | |
| Huntress | 6 | |
| Razormane Medicine Man | 1 | |
| Glaive Thrower | 1 | |
37 total
» upgrades
| Ultravision | 1 | |
| Sentinel | 1 | |
| Strength of the Moon | 1 | |
| Strength of the Wild | 1 | |
4 total
» buildings
| Hunter's Hall | 1 | |
| Moon Well | 6 | |
| Ancient of War | 2 | |
| Altar of Elders | 1 | |
| Ancient Protector | 7 | |
| Ancient of Wonders | 1 | |
| Tree of Ages | 1 | |
| Tree of Life | 1 | |
20 total
» build order
00:21 Hunter's Hall
00:23 Moon Well
01:49 Ancient of War
02:16 Ancient of War
02:28 Altar of Elders
03:45 Moon Well
04:19 Ancient Protector
05:17 Ancient Protector
05:22 Moon Well
05:54 Ancient Protector
06:06 Ancient of Wonders
06:58 Tree of Ages
08:42 Moon Well
09:09 Ancient Protector
11:47 Tree of Life
11:57 Moon Well
12:37 Moon Well
13:22 Ancient Protector
13:24 Ancient Protector
15:04 Ancient Protector
Chat log
(00:48 / Allies) hollysat: rushhhh
(00:53 / Allies) Schutzstaffel: shut the fuck up
(00:59 / Allies) Schutzstaffel: this isn't a fighting game
(01:01 / Allies) Schutzstaffel: this is an rts
(01:03 / Allies) hollysat: lick my dick
(01:05 / Allies) Schutzstaffel: if you want to play 5 min games
(01:10 / Allies) Schutzstaffel: go play street fighter
(01:20 / Allies) Schutzstaffel: it takes absolutely no skill to rush
(01:30 / Allies) hollysat: stfu
(01:31 / Allies) Schutzstaffel: people like you do it every game anyway
(01:48 / Allies) Schutzstaffel: no wonder you are 58-77
(08:41 / Allies) Schutzstaffel: sick tech bro
(08:43 / Allies) Schutzstaffel: nice units
(08:45 / Allies) Schutzstaffel: to defend my bsing
(08:48 / All) Schutzstaffel: I'm killing oj
(08:53 / All) Schutzstaffel: kill my base
(08:54 / All) Schutzstaffel: meanwhile
(08:54 / Allies) hollysat: wtf fucker
(09:35 / Allies) Schutzstaffel: sick rebuilding
(09:36 / Allies) Schutzstaffel: cancel
(09:38 / Allies) Schutzstaffel: cancel faggot
(09:57 / Allies) Schutzstaffel: go rush next game too please
(10:01 / Allies) Schutzstaffel: since you are clearly fucking terrible
(11:00 / Allies) Schutzstaffel: your 1 wyvern won't make you win btw
(11:11 / All) hollysat: teamate killer fuck u schudeep shit
(11:16 / All) Schutzstaffel: he is really mad
(11:17 / All) Schutzstaffel: he wanted to rush
(11:22 / Allies) Schutzstaffel: I called him out on how fucking terrible he was
(11:23 / All) jerzpnoy: oh well
(11:26 / All) Schutzstaffel: and his record
(12:11 / Allies) Schutzstaffel: oranghe
(12:15 / Allies) Schutzstaffel: I am submittign this replay
(12:18 / Allies) Schutzstaffel: to highper.ch
(12:21 / Allies) Schutzstaffel: so everyone can laugh at you
(12:25 / Allies) Schutzstaffel: and I will show this replay to my friends
(12:32 / Allies) Schutzstaffel: how does this make you feel?
(12:32 / Allies) hollysat: stfu fucking gay
(12:38 / Allies) Schutzstaffel: you are 58-78 now
(12:56 / Allies) hollysat: u suk always dick??
(13:08 / All) Schutzstaffel: finish my base bot left
(13:10 / All) Schutzstaffel: send 1 of your armies
(13:12 / All) Schutzstaffel: to end the game faster
(13:15 / All) Schutzstaffel: orange won't leave
(13:41 / All) Schutzstaffel: just teal at bot right and my own base left
(14:04 / All) Schutzstaffel: bot left idiots
(14:14 / All) Schutzstaffel: you don't need 4 armies killing 1 base
(14:14 / All) Schutzstaffel: wow
(14:15 / All) jerzpnoy: dont worry bout it noob
(14:24 / All) hollysat: haaaaaa
(14:45 / All) Schutzstaffel: thx for sending 1 beetle, very efficient at ending the game as quickly as possible
(14:45 / All) winstrol-v: 3 x 4
(14:57 / All) Schutzstaffel: I killed orange and he was terrible straight techer
(14:58 / All) Schutzstaffel: 2v4
(15:01 / All) Schutzstaffel: I was on your team
(15:23 / All) Schutzstaffel: finally
(15:34 / Allies) Schutzstaffel: any last words?
(15:42 / Allies) hollysat: pathetic
(15:46 / All) Schutzstaffel: peon surround
(15:48 / All) Schutzstaffel: how mad you are bro
(15:53 / Allies) hollysat: fucking jerkkkkkk
(16:03 / Allies) hollysat: dam u jew
(16:07 / Allies) Schutzstaffel: I am not a Jew
(16:09 / Allies) Schutzstaffel: Look at my name
(16:12 / Allies) Schutzstaffel: I am the Schutzstaffel
(16:14 / Allies) Schutzstaffel: The S.S
(16:16 / Allies) hollysat: yes u r
(16:19 / Allies) Schutzstaffel: Nazi #1